 Dungeon Crawl Stone Soup version 0.22-a0-455-ga0624bf (webtiles) character file.

53 Mgcat the Chopper (level 3, -1/46 HPs)
             Began as a Hill Orc Berserker on June 5, 2018.
             Was a Follower of Trog.
             Slain by an orc warrior
             ... wielding a +0 halberd
              (28 damage)
             ... on level 2 of the Dungeon.
             The game lasted 00:01:08 (513 turns).

Mgcat the Chopper (Hill Orc Berserker)               Turns: 513, Time: 00:01:09

Health: -1/46      AC:  2    Str: 25    XL:     3   Next: 87%
Magic:  3/3        EV: 12    Int:  7    God:    Trog [*.....]
Gold:   44         SH:  0    Dex: 10    Spells: 2/2 levels left

rFire    . . .     SeeInvis .   a - +0 hand axe
rCold    . . .     Gourm    .   (no shield)
rNeg     . . .     Faith    +   b - +0 animal skin
rPois    .         Spirit   .   (no helmet)
rElec    .         Reflect  .   (no cloak)
rCorr    .         Harm     .   (no gloves)
MR       .....                  (no boots)
Stlth    ..........             d - amulet of faith {Faith, !P}
HPRegen  0.15/turn              (no ring)
MPRegen  0.08/turn              (no ring)

@: berserking, very quick
A: no striking features
a: Berserk, Renounce Religion


You were on level 2 of the Dungeon.
You worshipped Trog.
Trog was aware of your devotion.
You were hungry.

You visited 1 branch of the dungeon, and saw 2 of its levels.

You collected 44 gold pieces.

Inventory:

Hand Weapons
 a - a +0 hand axe (weapon)
Armour
 b - a +0 animal skin (worn)
Jewellery
 d - an amulet of faith (around neck) {Faith, !P}
   (You found it on level 2 of the Dungeon)
Scrolls
 e - a scroll of teleportation {unknown}
 f - a scroll of immolation {unknown}
 g - a scroll of identify {unknown}
Potions
 i - 2 potions of flight {unknown}
Comestibles
 c - a ration
 h - 4 chunks of flesh {@w0}


   Skills:
 - Level 3.6 Fighting
 + Level 6.2 Axes
 - Level 2.1 Armour
 - Level 1.5 Dodging


You had 2 spell levels left.
You didn't know any spells.
Your spell library was empty.

Dungeon Overview and Level Annotations

Branches:
Dungeon (2/15)

Altars:
Kikubaaqudgha


Message History

You butcher the adder corpse.
You feel a strong urge to attack something.
d - 8 chunks of flesh {@w0} (gained 2)
You see here a jackal corpse.
You are no longer berserk.
You are exhausted.
You feel yourself slow down.
The hobgoblin shouts!
The hobgoblin closely misses you. The hobgoblin barely misses you.
You hit the hobgoblin.
The hobgoblin is moderately wounded.
The hobgoblin hits you.
You barely miss the hobgoblin.
The hobgoblin is moderately wounded.
The hobgoblin hits you. x2
* * * LOW HITPOINT WARNING * * *
You hit the hobgoblin.
The hobgoblin is severely wounded.
The hobgoblin barely misses you.
You hit the hobgoblin.
You kill the hobgoblin!
Trog accepts your kill.
There is a stone staircase leading up here.
You see here a hobgoblin corpse.
You climb upwards.
There is a stone staircase leading down here.
You see here a leopard gecko corpse.
You start resting.
You feel yourself speed up.
You start resting.
Some of the chunks of flesh in your inventory have rotted away.
You recover from your berserk rage.
You start resting.
Some of the chunks of flesh in your inventory have rotted away. x2
HP restored.
You start resting.
All of the chunks of flesh in your inventory have rotted away.
HP restored.
You climb downwards.
There is a stone staircase leading up here.
You see here a hobgoblin skeleton.
You see here a jackal skeleton.
You now have 29 gold pieces (gained 11).
d - a dented copper amulet Put on which piece of jewellery? (? for menu, Esc to quit)
You feel a surge of divine interest.
d - an amulet of faith (around neck)
Found a stone staircase leading down.
You now have 44 gold pieces (gained 15).
A frilled lizard comes into view.
The frilled lizard hisses angrily.
A frilled lizard is nearby!
The frilled lizard barely misses you.
You slash the frilled lizard!
You kill the frilled lizard!
Trog accepts your kill.
No target in view!
No target in view!
You butcher the frilled lizard corpse.
h - a chunk of flesh {@w0}
i - 2 golden potions A hobgoblin comes into view.
It is wielding a club.
The hobgoblin shouts!
You hear a shout! x3
Found an ancient bone altar of Kikubaaqudgha.
An orc comes into view. It is wielding a club.
You completely miss the hobgoblin. The hobgoblin closely misses you.
You barely miss the orc. You hit the hobgoblin. The orc completely misses you.
The hobgoblin closely misses you.
You slash the hobgoblin!
You kill the hobgoblin!
Trog accepts your kill.
You slash the orc!
You kill the orc!
Trog accepts your kill.
No target in view!
No target in view!
No target in view!
Things that are here:
a club; a hobgoblin corpse You butcher the hobgoblin corpse.
h - 4 chunks of flesh {@w0} (gained 3)
You see here a club.
An orc warrior comes into view. It is wielding a halberd.
An orc comes into view.
You see here a club.
There are monsters nearby!
The orc shouts!
A quokka comes into view.
A red film seems to cover your vision as you go berserk!
You feel yourself moving faster!
You feel mighty!
You are feeling hungry.
The orc warrior hits you from afar with a halberd!!
An orc comes into view. It is wielding a club.
An orc comes into view. It is wielding a dagger.
The orc shouts!
You feel a strong urge to attack something.
The orc shouts!
The orc warrior hits you with a halberd!!
Ouch! That really hurt!
You die...

###########.####..
#.#####. #.# ...
#.#.... #.#.#.###
#.#.._..#
#.###)#.#
#.##....###..#
#....)@......#
##...#o####.##
#o###o.. #.# r.###
#.# .o. #.#..##
..#.# ##..


You could see an orc warrior, 3 orcs and a quokka.

Vanquished Creatures
  3 adders (D:2)
  A worm (D:2)
  2 leopard geckos
  An orc (D:2)
  A giant cockroach (D:1)
  4 hobgoblins
  3 jackals (D:2)
  A kobold (D:1)
  A frilled lizard (D:2)
  A goblin (D:1)
  A rat (D:1)
19 creatures vanquished.

Notes
Turn   | Place    | Note
-------+----------+-------------------------------------------
     0 | D:1      | Mgcat the Hill Orc Berserker began the quest for the Orb.
     0 | D:1      | Reached XP level 1. HP: 19/19 MP: 1/1
   182 | D:1      | Reached XP level 2. HP: 23/26 MP: 2/2
   201 | D:2      | Reached skill level 5 in Axes
   207 | D:2      | Reached XP level 3. HP: 28/31 MP: 3/3
   209 | D:2      | Reached skill level 6 in Axes
   218 | D:2      | HP: 7/31 [hobgoblin (5)]
   504 | D:2      | Found an ancient bone altar of Kikubaaqudgha.
   510 | D:2      | Noticed an orc warrior
   513 | D:2      | Slain by an orc warrior

Vault maps used:
D:1:      eino_arrival_cavern_b
D:2:      lemuel_crystal_altar, first_ration,
          chequers_ecumenical_altar_simple_redux, item_on_display_a

Skill      XL: |  1  2  3 |
---------------+----------+-----
Axes           | 5 6 |  6.2
Fighting       | |  3.6
Armour         | |  2.1
Dodging        | |  1.5

Action                   || total
-------------------------++-------
Melee: Hand axe          ||    47
Invok: Berserk           ||     2
Armor: Animal skin       ||     7
Dodge: Dodged            ||    35

Table legend:
 A = Spawn XP
 B = Non-spawn XP
 C = Spawn XP percentage of total XP
 D = Spawn monster count
 E = Non-spawn monster count
 F = Spawn count percentage of total count
 G = Total turns spent on level
                    A         B        C        D         E        F      G
               +---------+---------+-------+---------+---------+-------+---------
         Total |       0 |      76 |   0.0 |       0 |      19 |   0.0 |   513
               +---------+---------+-------+---------+---------+-------+---------
           D:1 |       0 |      13 |   0.0 |       0 |       7 |   0.0 |   416
           D:2 |       0 |      63 |   0.0 |       0 |      12 |   0.0 |    97
               +---------+---------+-------+---------+---------+-------+---------

Vault maps used:
D:1:      eino_arrival_cavern_b
D:2:      lemuel_crystal_altar, first_ration,
          chequers_ecumenical_altar_simple_redux, item_on_display_a

Table legend:
 A = Turns spent in this place as a percentage of turns spent in the entire game.
 B = Non-inter-level travel turns spent in this place as a percentage of non-inter-level travel turns spent in the entire game.
 C = Inter-level travel turns spent in this place as a percentage of turns spent in this place.
 D = Turns resting spent in this place as a percentage of non-inter-level travel turns spent in this place.
 E = Turns spent auto-exploring this place as a percentage of non-inter-level travel turns spent in this place.
 F = Non-inter-level travel turns spent in this place divided by the number of levels of this place that you've seen.
                   A       B       C       D       E      F
               +-------+-------+-------+-------+-------+----------------------
         Total | 100.0 | 100.0 |   0.2 |  44.1 |  35.7 | 256.0
       Dungeon | 100.0 | 100.0 |   0.2 |  44.1 |  35.7 | 256.0
               +-------+-------+-------+-------+-------+----------------------

Table legend:
 A = Kills in this place as a percentage of kills in entire the game.
 B = Kills by you in this place as a percentage of kills by you in the entire game.
 C = Kills by friends in this place as a percentage of kills by friends in the entire game.
 D = Other kills in this place as a percentage of other kills in the entire game.
 E = Experience gained in this place as a percentage of experience gained in the entire game.
 F = Experience gained in this place divided by the number of levels of this place that you have seen.
                   A       B       C       D       E      F
               +-------+-------+-------+-------+-------+----------------------
         Total | 100.0 | 100.0 |   N/A |   N/A | 100.0 |  38.0
       Dungeon | 100.0 | 100.0 |   N/A |   N/A | 100.0 |  38.0
               +-------+-------+-------+-------+-------+----------------------
